 Dungeon Sprint DCSS version 0.26.0-57-g60708a5e39 (webtiles) character file.

Game seed: 78609250343144565

1149 Groucho the Fighter (level 8, -24/94 HPs)
             Began as a Demonspawn Berserker on Feb 1, 2021.
             Was an Elder of Trog.
             Annihilated by a boulder beetle (28 damage)
             ... in the Dungeon (Sprint II: "The Violet Keep of Menkaure").
             The game lasted 00:01:59 (1363 turns).

Groucho the Fighter (Demonspawn Berserker)          Turns: 1363, Time: 00:02:00

Health: -24/94     AC:  3    Str: 19    XL:     8   Next: 15%
Magic:  8/8        EV: 17    Int:  9    God:    Trog [****..]
Gold:   729        SH:  0    Dex: 13    Spells: 7/7 levels left

rFire    . . .     SeeInvis .   a - +0 hand axe
rCold    . . .     Faith    .   (no shield)
rNeg     . . .     Spirit   .   b - +0 animal skin
rPois    .         Reflect  .   (helmet restricted)
rElec    .         Harm     .   (no cloak)
rCorr    .         Rampage  .   (no gloves)
Will     .....     NoTele   +   (no boots)
Stlth    ..........             (no amulet)
HPRegen  0.25/turn              (no ring)
MPRegen  0.11/turn              (no ring)

@: mighty, berserking (expiring), very quick
A: horns 2, deformed body, frail 1, powered by pain 1, sharp scales 2
a: Renounce Religion, Berserk, Trog's Hand, Brothers in Arms


You were in the Dungeon.
You worshipped Trog.
Trog was greatly pleased with you.
You visited 1 branch You collected 729 gold pieces.

Inventory:

Hand Weapons
 a - a +0 hand axe (weapon)
Armour
 b - a +0 animal skin (worn)
Scrolls
 h - a scroll of blinking
Potions
 f - 2 potions of magic


   Skills:
 + Level 9.6 Fighting
 + Level 8.8 Axes
 + Level 8.5 Armour
 + Level 8.5 Dodging


You had 7 spell levels left.
You didn't know any spells.
Your spell library was empty.

Dungeon Overview and Level Annotations

Branches:
Dungeon (1/1)

Altars:


Innate Abilities, Weirdness & Mutations

You have a pair of horns on your head.
You sometimes gain a little power by taking damage.
You are mostly covered in razor-sharp scales. (AC +2, Slay +2)
Armour fits poorly on your strangely shaped body.
You are frail. (-10% HP)


Message History

You headbutt the boulder beetle, but do no damage.
The boulder beetle is moderately wounded.
You barely miss the boulder beetle.
The boulder beetle is moderately wounded.
The boulder beetle bites you.
* * * LOW HITPOINT WARNING * * *
Unknown command.
You hit the boulder beetle.
The boulder beetle is heavily wounded.
The boulder beetle leaps!
The boulder beetle bites you!!
* * * LOW HITPOINT WARNING * * *
There is an open door, spattered with blood here.
Unknown command.
You are too berserk!
Unknown command.
You hit the boulder beetle but do no damage.
You hit the boulder beetle but do no damage.
The boulder beetle bites you!!
You die...

#+# ##.#.##
#.###.#
####.#.####
##.###'###.#
#$..##.##..#
#@.<.'.#
#.BB##.##.#
##.###'###.#
####.#.####
#..#..#
##...##
##+##


You could see 2 boulder beetles.

Vanquished Creatures
  2 wyverns (D)
  4 neqoxecs (D)
  4 necrophages (D)
10 creatures vanquished.

Vanquished Creatures (others)
  Menkaure (D)
  A water moccasin (D)
2 creatures vanquished.

Grand Total: 12 creatures vanquished

Notes
Turn   | Place    | Note
-------+----------+-------------------------------------------
     0 | D        | Groucho the Demonspawn Berserker began the quest for the
                  | Orb.
     0 | D        | Reached XP level 1. HP: 18/18 MP: 1/1
     1 | D        | Noticed a boulder beetle
     1 | D        | Noticed a boulder beetle
     5 | D        | Noticed a wyvern
     5 | D        | Noticed a wyvern
     9 | D        | Noticed a neqoxec
     9 | D        | Noticed a neqoxec
     9 | D        | Noticed a neqoxec
     9 | D        | Noticed a neqoxec
    11 | D        | Noticed an iron imp
    11 | D        | Noticed a quasit
    14 | D        | Killed a neqoxec
    15 | D        | Reached skill level 5 in Fighting
    15 | D        | Reached skill level 5 in Axes
    15 | D        | Gained mutation: You are partially covered in razor-sharp
                  | scales. (AC +1, Slay +1) [demonic ancestry]
    15 | D        | Reached XP level 2. HP: 25/27 MP: 2/2
    15 | D        | Gained mutation: You are mostly covered in razor-sharp
                  | scales. (AC +2, Slay +2) [demonic ancestry]
    15 | D        | Reached XP level 3. HP: 31/33 MP: 3/3
    15 | D        | Gained mutation: You sometimes gain a little power by
                  | taking damage. [demonic ancestry]
    15 | D        | Reached XP level 4. HP: 37/39 MP: 4/4
    17 | D        | Gained mutation: You are frail. (-10% HP) [a neqoxec]
    20 | D        | Killed a water moccasin
    29 | D        | Killed a neqoxec
    29 | D        | Gained mutation: Armour fits poorly on your strangely
                  | shaped body. [a neqoxec]
    30 | D        | Reached skill level 6 in Fighting
    30 | D        | Reached skill level 5 in Armour
    30 | D        | Reached skill level 5 in Dodging
    30 | D        | Gained mutation: You have a pair of small horns on your
                  | head. [demonic ancestry]
    30 | D        | Reached XP level 5. HP: 7/42 MP: 5/5
    31 | D        | Killed Menkaure
    43 | D        | Killed a neqoxec
    43 | D        | Reached ** piety under Trog
    44 | D        | Reached skill level 7 in Fighting
    44 | D        | Reached XP level 6. HP: 15/50 MP: 6/6
    44 | D        | HP: 1/50 [neqoxec (14)]
    48 | D        | Killed a neqoxec
    49 | D        | Reached skill level 8 in Fighting
   559 | D        | Reached XP level 7. HP: 56/56 MP: 7/7
   560 | D        | Reached *** piety under Trog
   567 | D        | Reached skill level 9 in Fighting
   730 | D        | Killed a wyvern
   731 | D        | Gained mutation: You have a pair of horns on your head.
                  | [demonic ancestry]
   731 | D        | Reached XP level 8. HP: 63/63 MP: 8/8
   736 | D        | Reached **** piety under Trog
  1361 | D        | HP: 3/94 [boulder beetle (21)]
  1363 | D        | Annihilated by a boulder beetle

Illustrated notes

Levels and vault maps discovered:
D:        the_violet_keep_of_menkaure [sprint2_stairs_cluster_1,
          sprint2_shoproom, sprint2_temple, sprint2_basic_supplies,
          sprint2_obstacle_5, sprint2_obstacle_4, sprint2_obstacle_1,
          sprint2_obstacle_3, sprint2_obstacle_6, sprint2_timed_cluster_1,
          sprint2_smallroom_cluster_1, sprint2_smallroom_final_cluster_1,
          sprint2_transparent_cluster_1, sprint2_second_timed_cluster_1,
          sprint2_sniper_area_1, sprint2_heavy_combat_area_1,
          sprint2_mutation_trap_area_1, sprint2_forest_area_1,
          sprint2_light_combat_area_1, sprint2_behind_water_1,
          sprint2_near_end_vault_1]

Skill      XL: |  1  2  3  4  5  6  7 |
---------------+----------------------+-----
Fighting       | 5 6 7 8 9 |  9.6
Axes           | 5 6 7 8 |  8.8
Armour         | 4 5 6 7 8 |  8.5
Dodging        | 4 5 6 7 8 |  8.5

Action                   |  1- 3 |  4- 6 |  7- 9 || total
-------------------------+-------+-------+-------++-------
Melee: Hand axe          |     4 |    33 |    44 ||    81
       Headbutt          |       |     4 |     8 ||    12
Invok: Berserk           |       |     1 |     3 ||     4
       Trog's Hand       |       |       |     1 ||     1
  Use: Potion            |     1 |     3 |       ||     4
Armor: Animal skin       |       |     3 |       ||     3
Dodge: Dodged            |     1 |    21 |    15 ||    37
